WCHLSIM.com - West Coast Hockey League
html PUBLIC "-//W3C//DTD XHTML 1.0 Transitional//EN" "http://www.w3.org/TR/xhtml1/DTD/xhtml1-transitional.dtd"> WCHL - Game 140 - SASKATOON DUCKS vs SAN FRANCISCO SPIDERS

SASKATOON DUCKS vs SAN FRANCISCO SPIDERS

Created - 2 décembre 2020 at 22:29

Goals
1 2 3 T
SASKATOON DUCKS 0 0 1 1
SAN FRANCISCO SPIDERS 0 0 2 2
Shots
1 2 3 T
SASKATOON DUCKS 17 15 9 41
SAN FRANCISCO SPIDERS 3 8 10 21

1st period

No Goal

Penalties :
Danton Heinen (SAF) for Holding Stick (Minor) at 1:17, Ryan Miller (SAS) for Delaying the game (Minor) at 5:20 - Samuel Girard served the penalty., Erik Haula (SAF) for Holding (Minor) at 16:58

2nd period

No Goal

Penalties :
Nate Schmidt (SAF) for Roughing (Minor) at 11:43

3rd period

1. SAN FRANCISCO SPIDERS , Andrei Svechnikov 7 (Calle Jarnkrok 5, Jordan Oesterle 4) at 9:06
2. SAN FRANCISCO SPIDERS , Dominik Simon 2 (Danton Heinen 4, Dominik Kahun 1) at 16:35
3. SASKATOON DUCKS , Ryan Strome 1 (Sidney Crosby 4) at 18:16 (PP)

Penalties :
Kailer Yamamoto (SAS) for Holding (Minor) at 11:31, Sidney Crosby (SAS) for Cross-checking (Minor) at 13:34, Jordan Oesterle (SAF) for Close Hand On Puck (Minor) at 17:29

Goalie Stats

Ryan Miller (SAS), 19 saves from 21 shots - (0,905), L, 2-1-0, 59:38 minutes
Igor Shesterkin (SAF), 40 saves from 41 shots - (0,976), W, 2-4-0, 60:00 minutes

Players Stats for SASKATOON DUCKS

Player Name              G  A  P  +/- PIM S  H  SB GA TA FO     MP     PP MP  PK MP  
------------------------------------------------------------------------------------
Andrej Sekera            0  0  0  -1  0   0  0  1  0  0  0/0    15:25   0:00   2:44 
Anthony Duclair          0  0  0   0  0   2  0  0  0  0  0/0    16:16   3:35   3:01 
Blake Comeau             0  0  0  -1  0   1  0  0  0  0  0/2     9:08   0:00   2:56 
Dylan Strome             0  0  0  -1  0   2  0  0  0  0  13/25  18:08   3:03   0:00 
Ian Cole                 0  0  0   0  0   0  0  0  0  0  0/0    22:23   3:05   3:13 
Jakub Vrana              0  0  0   0  0   3  1  0  0  0  1/1    18:55   3:03   0:00 
Joe Thornton             0  0  0   0  0   1  2  0  0  0  8/13   12:29   0:00   3:01 
Kailer Yamamoto          0  0  0  -1  2   3  4  0  0  0  3/3    15:04   0:00   0:00 
Ondrej Palat             0  0  0   0  0   5  1  0  0  0  1/2    12:33   3:05   0:00 
Radko Gudas              0  0  0  -1  0   0  1  0  0  0  0/0    15:25   0:00   2:44 
Ryan McDonagh            0  0  0  -1  0   3  1  3  0  0  0/0    22:12   3:39   0:00 
Ryan Strome              1  0  1  -1  0   3  2  0  0  0  1/2    18:44   3:09   0:00 
Samuel Girard            0  0  0   0  0   2  1  0  0  0  0/0    19:54   3:07   0:00 
Sidney Crosby            0  1  1   0  2   5  2  0  0  0  27/38  20:14   3:41   0:00 
Tyler Bozak              0  0  0  -1  0   5  0  0  0  0  7/13    9:08   0:00   2:56 
Warren Foegele           0  0  0  -1  0   1  0  0  0  0  0/0     6:12   0:00   0:00 
William Nylander         0  0  0   0  0   5  1  0  0  0  0/0    20:15   3:41   0:00 
Zdeno Chara              0  0  0  -1  0   0  2  0  0  0  0/0    21:36   0:32   3:13 

Players Stats for SAN FRANCISCO SPIDERS

Player Name              G  A  P  +/- PIM S  H  SB GA TA FO     MP     PP MP  PK MP  
------------------------------------------------------------------------------------
Alex Chiasson            0  0  0   0  0   2  2  1  0  0  1/2    17:23   3:25   0:00 
Alexander Kerfoot        0  0  0   0  0   2  0  0  0  0  0/2    10:28   0:00   0:49 
Andrei Svechnikov        1  0  1   1  0   3  1  0  0  0  1/2    20:47   2:32   3:56 
Calle Jarnkrok           0  1  1   1  0   3  0  0  0  0  5/18   13:29   0:00   0:00 
Danton Heinen            0  1  1   1  2   3  0  1  0  0  3/16   12:40   2:32   0:46 
Dominik Kahun            0  1  1   1  0   0  1  0  0  0  1/2     9:23   0:00   0:00 
Dominik Simon            1  0  1   1  0   1  3  0  0  0  0/1     9:23   0:00   0:00 
Erik Haula               0  0  0   0  2   0  1  0  0  0  16/28  19:52   3:25   1:40 
Jordan Oesterle          0  1  1   2  2   0  1  0  0  0  0/0    22:18   2:32   2:36 
Jordan Schmaltz          0  0  0   0  0   0  3  1  0  0  0/0    18:01   0:00   4:30 
Karl Alzner              0  0  0   0  0   0  1  1  0  0  0/0    18:12   3:25   1:10 
Kirby Dach               0  0  0   0  0   0  0  0  0  0  7/14    9:39   0:00   0:00 
Michael Stone            0  0  0   2  0   2  4  1  0  0  0/0    20:27   2:32   2:12 
Mike Hoffman             0  0  0   0  0   4  2  0  0  0  4/13   21:42   3:25   3:29 
Milan Lucic              0  0  0   1  0   0  2  0  0  0  0/1    18:49   2:32   2:48 
Nate Schmidt             0  0  0   0  2   1  0  4  0  0  0/0    23:46   3:25   2:44 
Nico Sturm               0  0  0   0  0   0  0  0  0  0  0/0     9:39   0:00   0:00 
Tyler Myers              0  0  0   0  0   0  2  2  0  0  0/0    17:14   0:00   0:16 

3 Stars

1 - Igor Shesterkin (SAF)
2 - Dominik Simon (SAF)
3 - Andrei Svechnikov (SAF)

Power Play

SASKATOON DUCKS - 1 on 4 Attempt(s) - 25,00%
SAN FRANCISCO SPIDERS - 0 on 3 Attempt(s) - 0,00%

Penalty Kill

SASKATOON DUCKS - 3 on 3 Attempt(s) - 100,00% - Score 0 goal in Penalty Kill
SAN FRANCISCO SPIDERS - 3 on 4 Attempt(s) - 75,00% - Score 0 goal in Penalty Kill

Team Stat

SASKATOON DUCKS - Hits : 18 - Faceoff Wins : 61 - Blocked Shots : 4 - Penalty Minutes : 6
SAN FRANCISCO SPIDERS - Hits : 23 - Faceoff Wins : 38 - Blocked Shots : 11 - Penalty Minutes : 8

Official

Referees : Marc Joannette and Graham Skilliter
Linesman : Kyle Allen and Kiel Murchison

Game Notes

No Game Note

Finance

Level 1 -- Attendance: 6024 (98,67%) -- Ticket Income 903 600 $
Level 2 -- Attendance: 4504 (86,95%) -- Ticket Income 450 400 $
Level 3 -- Attendance: 1701 (83,59%) -- Ticket Income 136 080 $
Level 4 -- Attendance: 3234 (77,37%) -- Ticket Income 194 040 $
Luxury Box -- Attendance: 810 (81,00%) -- Ticket Income 243 000 $
Game was played at the Bay Area Sports Center.
Total Attendance: 16273 (87,96%)
Total Ticket Income: 1 927 120 $
Other Income: 674 492 $
Total Income: 2 601 612 $

SASKATOON DUCKS

5 vs 5 Forward 
   Center                   Left Wing                Right Wing               Time % Phy DF OF 
 1 Sidney Crosby            Jakub Vrana              William Nylander         36     0   2  3  
 2 Dylan Strome             Kailer Yamamoto          Ryan Strome              32     0   2  3  
 3 Joe Thornton             Ondrej Palat             Anthony Duclair          25     1   2  2  
 4 Tyler Bozak              Warren Foegele           Blake Comeau             7      1   2  2  

5 vs 5 Defense 
   Defense                  Defense                                           Time % Phy DF OF 
 1 Zdeno Chara              Ryan McDonagh                                     39     1   2  2  
 2 Samuel Girard            Ian Cole                                          34     1   2  2  
 3 Radko Gudas              Andrej Sekera                                     27     1   3  1  
 4 Zdeno Chara              Ryan McDonagh                                     0      1   2  2  

PowerPlay Forward 
   Center                   Left Wing                Right Wing               Time % Phy DF OF 
 1 Sidney Crosby            Ryan Strome              William Nylander         53     0   1  4  
 2 Dylan Strome             Jakub Vrana              Anthony Duclair          47     0   1  4  

PowerPlay Defense
   Defense                  Defense                                           Time % Phy DF OF 
 1 Samuel Girard            Ryan McDonagh                                     53     0   1  4  
 2 Ian Cole                 Ondrej Palat                                      47     0   1  4  

Penalty Kill 4 Players Forward 
   Center                   Wing                     Time % Phy DF OF 
 1 Joe Thornton             Anthony Duclair          50     0   4  1  
 2 Tyler Bozak              Blake Comeau             50     0   4  1  

Penalty Kill 4 Players Defense
   Defense                  Defense                  Time % Phy DF OF 
 1 Zdeno Chara              Ian Cole                 50     0   4  1  
 2 Andrej Sekera            Radko Gudas              50     0   4  1  

Penalty Kill - 3 Players Forward 
   Forward                                           Time % Phy DF OF 
 1 Joe Thornton                                      50     0   5  0  
 2 Tyler Bozak                                       50     0   5  0  

Penalty Kill - 3 Players Defense
   Defense                  Defense                  Time % Phy DF OF 
 1 Zdeno Chara              Ian Cole                 55     0   5  0  
 2 Andrej Sekera            Radko Gudas              45     0   5  0  

4 vs 4 Forward 
   Center                   Wing                     Time % Phy DF OF 
 1 Sidney Crosby            William Nylander         55     1   2  2  
 2 Dylan Strome             Ryan Strome              45     1   2  2  

4 vs 4 Defense
   Defense                  Defense                  Time % Phy DF OF 
 1 Ian Cole                 Ryan McDonagh            55     1   2  2  
 2 Zdeno Chara              Samuel Girard            45     1   2  2  

Last Minutes Offensive
   Center                   Left Wing                Right Wing               Defense                  Defense                  
   Sidney Crosby            William Nylander         Ryan Strome              Samuel Girard            Ryan McDonagh            

Last Minutes Defensive
   Center                   Left Wing                Right Wing               Defense                  Defense                  
   Ryan Strome              Ondrej Palat             Kailer Yamamoto          Ian Cole                 Ryan McDonagh            

Goaltenders
Starting : Ryan Miller              
Backup : Jordan Binnington        

Extra Forwards
Normal : Ryan Strome, Dylan Strome, Anthony Duclair - PP : Dylan Strome, Anthony Duclair - PK : Warren Foegele
Extra Defensemen
Normal : Ian Cole, Ryan McDonagh, Samuel Girard - PP : Ian Cole - PK : Andrej Sekera, Samuel Girard
Penalty Shots
Sidney Crosby, William Nylander, Ryan Strome, Jakub Vrana, Kailer Yamamoto
Custom OT Lines Forwards
Sidney Crosby, Ryan Strome, William Nylander, Ondrej Palat, Joe Thornton, Dylan Strome, Kailer Yamamoto, Tyler Bozak, Jakub Vrana, Anthony Duclair
Custom OT Lines Defensemen
Zdeno Chara, Ryan McDonagh, Ian Cole, Samuel Girard, Radko Gudas

Scratches
None

SAN FRANCISCO SPIDERS

5 vs 5 Forward 
   Center                   Left Wing                Right Wing               Time % Phy DF OF 
 1 Calle Jarnkrok           Milan Lucic              Andrei Svechnikov        30     0   4  1  
 2 Erik Haula               Mike Hoffman             Alex Chiasson            30     0   4  1  
 3 Danton Heinen            Dominik Kahun            Dominik Simon            20     0   4  1  
 4 Kirby Dach               Alexander Kerfoot        Nico Sturm               20     0   4  1  

5 vs 5 Defense 
   Defense                  Defense                                           Time % Phy DF OF 
 1 Tyler Myers              Nate Schmidt                                      32     0   5  0  
 2 Jordan Oesterle          Michael Stone                                     32     0   5  0  
 3 Karl Alzner              Jordan Schmaltz                                   31     0   5  0  
 4 Jordan Oesterle          Nate Schmidt                                      5      0   5  0  

PowerPlay Forward 
   Center                   Left Wing                Right Wing               Time % Phy DF OF 
 1 Danton Heinen            Milan Lucic              Andrei Svechnikov        55     1   2  2  
 2 Erik Haula               Mike Hoffman             Alex Chiasson            45     1   2  2  

PowerPlay Defense
   Defense                  Defense                                           Time % Phy DF OF 
 1 Karl Alzner              Nate Schmidt                                      55     1   2  2  
 2 Jordan Oesterle          Michael Stone                                     45     1   2  2  

Penalty Kill 4 Players Forward 
   Center                   Wing                     Time % Phy DF OF 
 1 Mike Hoffman             Andrei Svechnikov        55     1   2  2  
 2 Milan Lucic              Erik Haula               45     1   2  2  

Penalty Kill 4 Players Defense
   Defense                  Defense                  Time % Phy DF OF 
 1 Jordan Schmaltz          Nate Schmidt             55     1   2  2  
 2 Jordan Oesterle          Michael Stone            45     1   2  2  

Penalty Kill - 3 Players Forward 
   Forward                                           Time % Phy DF OF 
 1 Mike Hoffman                                      55     1   2  2  
 2 Andrei Svechnikov                                 45     1   2  2  

Penalty Kill - 3 Players Defense
   Defense                  Defense                  Time % Phy DF OF 
 1 Jordan Schmaltz          Nate Schmidt             55     1   2  2  
 2 Jordan Oesterle          Michael Stone            45     1   2  2  

4 vs 4 Forward 
   Center                   Wing                     Time % Phy DF OF 
 1 Mike Hoffman             Andrei Svechnikov        55     1   2  2  
 2 Kirby Dach               Erik Haula               45     1   2  2  

4 vs 4 Defense
   Defense                  Defense                  Time % Phy DF OF 
 1 Karl Alzner              Nate Schmidt             55     1   2  2  
 2 Jordan Oesterle          Michael Stone            45     1   2  2  

Last Minutes Offensive
   Center                   Left Wing                Right Wing               Defense                  Defense                  
   Erik Haula               Mike Hoffman             Andrei Svechnikov        Tyler Myers              Nate Schmidt             

Last Minutes Defensive
   Center                   Left Wing                Right Wing               Defense                  Defense                  
   Erik Haula               Mike Hoffman             Andrei Svechnikov        Tyler Myers              Nate Schmidt             

Goaltenders
Starting : Igor Shesterkin          
Backup : Malcolm Subban           

Extra Forwards
Normal : Kirby Dach, Nico Sturm, Danton Heinen - PP : Kirby Dach, Nico Sturm - PK : Danton Heinen
Extra Defensemen
Normal : Karl Alzner, Jordan Schmaltz, Jordan Oesterle - PP : Karl Alzner - PK : Jordan Schmaltz, Jordan Oesterle
Penalty Shots
Mike Hoffman, Andrei Svechnikov, Nico Sturm, Erik Haula, Milan Lucic
Custom OT Lines Forwards
Mike Hoffman, Andrei Svechnikov, Nico Sturm, Erik Haula, Milan Lucic, Alex Chiasson, Danton Heinen, Dominik Kahun, Alexander Kerfoot, Kirby Dach
Custom OT Lines Defensemen
Jordan Schmaltz, Nate Schmidt, Jordan Oesterle, Michael Stone, Karl Alzner

Scratches
None


% Time on Ice - SASKATOON DUCKS

Lines # - Real PCT - Wanted PCT - Time Play
Normal Forward
1 - 34% - 36% - 15:52
2 - 32% - 32% - 15:05
3 - 20% - 25% - 9:28
4 - 13% - 7% - 6:12
Normal Defense
1 - 38% - 39% - 17:51
2 - 35% - 34% - 16:05
3 - 27% - 27% - 12:41
4 - 0% - 0% - 0:00
PP Forward
1 - 55% - 53% - 3:41
2 - 45% - 47% - 3:03
PP Defense
1 - 54% - 53% - 3:39
2 - 46% - 47% - 3:05
PK Forward
1 - 51% - 50% - 3:01
2 - 49% - 50% - 2:56
PK Defense
1 - 54% - 50% - 3:13
2 - 46% - 50% - 2:44
PK3 Forward
1 - 0% - 50%
2 - 0% - 50%
PK3 Defense
1 - 0% - 55%
2 - 0% - 45%
44 Forward
1 - 0% - 55%
2 - 0% - 45%
44 Defense
1 - 0% - 55%
2 - 0% - 45%
Last Minute Offensive  - 0:42
Last Minute Defensive  - 0:00
Total
Forward - 60:00
Defense - 60:00

% Time on Ice - SAN FRANCISCO SPIDERS

Lines # - Real PCT - Wanted PCT - Time Play
Normal Forward
1 - 29% - 30% - 13:29
2 - 30% - 30% - 13:58
3 - 20% - 20% - 9:23
4 - 21% - 20% - 9:39
Normal Defense
1 - 35% - 32% - 16:08
2 - 34% - 32% - 15:43
3 - 28% - 31% - 13:10
4 - 3% - 5% - 1:28
PP Forward
1 - 43% - 55% - 2:32
2 - 57% - 45% - 3:25
PP Defense
1 - 57% - 55% - 3:25
2 - 43% - 45% - 2:32
PK Forward
1 - 58% - 55% - 3:56
2 - 42% - 45% - 2:48
PK Defense
1 - 63% - 55% - 4:16
2 - 37% - 45% - 2:28
PK3 Forward
1 - 0% - 55%
2 - 0% - 45%
PK3 Defense
1 - 0% - 55%
2 - 0% - 45%
44 Forward
1 - 0% - 55%
2 - 0% - 45%
44 Defense
1 - 0% - 55%
2 - 0% - 45%
Last Minute Offensive  - 0:00
Last Minute Defensive  - 0:50
Total
Forward - 60:00
Defense - 60:00

Play-by-Play

1st period


0:01 of 1st period - Calle Jarnkrok wins face-off versus Sidney Crosby in neutral zone.
0:14 of 1st period - Shot by Jakub Vrana.
0:14 of 1st period - Stopped by Igor Shesterkin without a rebound.
0:15 of 1st period - Erik Haula wins face-off versus Dylan Strome in SAN FRANCISCO SPIDERS zone.
0:15 of 1st period - Erik Haula is hit by Kailer Yamamoto.
1:17 of 1st period - Minor Penalty to Danton Heinen for Holding Stick.
1:18 of 1st period - Sidney Crosby wins face-off versus Alexander Kerfoot in SAN FRANCISCO SPIDERS zone.
1:22 of 1st period - William Nylander is hit by Jordan Schmaltz and loses puck.
2:40 of 1st period - Shot by Jakub Vrana.
2:40 of 1st period - Shot Misses the Net.
3:00 of 1st period - Shot by William Nylander.
3:00 of 1st period - Shot Misses the Net.
3:23 of 1st period - Shot by Tyler Bozak.
3:23 of 1st period - Stopped by Igor Shesterkin without a rebound.
3:24 of 1st period - Tyler Bozak wins face-off versus Danton Heinen in SAN FRANCISCO SPIDERS zone.
3:31 of 1st period - Shot by Blake Comeau.
3:31 of 1st period - Stopped by Igor Shesterkin without a rebound.
3:32 of 1st period - Tyler Bozak wins face-off versus Kirby Dach in SAN FRANCISCO SPIDERS zone.
3:40 of 1st period - Icing by Alexander Kerfoot.
3:41 of 1st period - Kirby Dach wins face-off versus Dylan Strome in SAN FRANCISCO SPIDERS zone.
4:57 of 1st period - Shot by Sidney Crosby.
4:57 of 1st period - Deflect By Jakub Vrana.
4:57 of 1st period - Stopped by Igor Shesterkin without a rebound.
4:58 of 1st period - Joe Thornton wins face-off versus Danton Heinen in SAN FRANCISCO SPIDERS zone.
5:20 of 1st period - Shot by Danton Heinen.
5:20 of 1st period - Stopped by Ryan Miller without a rebound.
5:20 of 1st period - Minor Penalty to Ryan Miller for Delaying the game.
5:21 of 1st period - Tyler Bozak wins face-off versus Erik Haula in SASKATOON DUCKS zone.
5:34 of 1st period - Mike Hoffman is hit by Zdeno Chara and loses puck.
5:49 of 1st period - Shot by Alex Chiasson.
5:49 of 1st period - Stopped by Ryan Miller with a rebound.
6:01 of 1st period - Zdeno Chara is hit by Alex Chiasson and loses puck.
6:09 of 1st period - Icing by Nate Schmidt.
6:10 of 1st period - Joe Thornton wins face-off versus Erik Haula in SAN FRANCISCO SPIDERS zone.
6:30 of 1st period - Shot by Tyler Bozak.
6:30 of 1st period - Shot Blocked by Alex Chiasson.
6:36 of 1st period - Shot by Tyler Bozak.
6:36 of 1st period - Stopped by Igor Shesterkin with a rebound.
6:45 of 1st period - Off-side.
6:46 of 1st period - Joe Thornton wins face-off versus Danton Heinen in neutral zone.
7:38 of 1st period - Shot by Jakub Vrana.
7:38 of 1st period - Shot Misses the Net.
7:40 of 1st period - Shot by Ryan McDonagh.
7:40 of 1st period - Stopped by Igor Shesterkin without a rebound.
7:41 of 1st period - Dylan Strome wins face-off versus Dominik Simon in SAN FRANCISCO SPIDERS zone.
7:46 of 1st period - Shot by Ryan Strome.
7:46 of 1st period - Shot Misses the Net.
9:52 of 1st period - Mike Hoffman is hit by Ondrej Palat and loses puck.
10:32 of 1st period - Icing by Joe Thornton.
10:33 of 1st period - Dominik Kahun wins face-off versus Joe Thornton in SASKATOON DUCKS zone.
11:22 of 1st period - Shot by Jakub Vrana.
11:22 of 1st period - Shot Misses the Net.
11:46 of 1st period - Shot by Sidney Crosby.
11:46 of 1st period - Stopped by Igor Shesterkin without a rebound.
11:47 of 1st period - Erik Haula wins face-off versus Dylan Strome in SAN FRANCISCO SPIDERS zone.
12:01 of 1st period - Ryan Strome is hit by Alex Chiasson and loses puck.
12:12 of 1st period - Off-side.
12:13 of 1st period - Tyler Bozak wins face-off versus Calle Jarnkrok in neutral zone.
12:32 of 1st period - Shot by Tyler Bozak.
12:32 of 1st period - Stopped by Igor Shesterkin with a rebound.
13:10 of 1st period - Shot by Alex Chiasson.
13:10 of 1st period - Shot Blocked by Ryan McDonagh.
13:30 of 1st period - Icing by Alex Chiasson.
13:31 of 1st period - Erik Haula wins face-off versus Joe Thornton in SAN FRANCISCO SPIDERS zone.
13:31 of 1st period - Erik Haula is hit by Joe Thornton.
13:39 of 1st period - Shot by Anthony Duclair.
13:39 of 1st period - Shot Misses the Net.
13:41 of 1st period - Shot by Ondrej Palat.
13:41 of 1st period - Stopped by Igor Shesterkin without a rebound.
13:42 of 1st period - Sidney Crosby wins face-off versus Kirby Dach in SAN FRANCISCO SPIDERS zone.
15:00 of 1st period - Andrei Svechnikov is hit by Radko Gudas and loses puck.
15:19 of 1st period - Shot by Ondrej Palat.
15:19 of 1st period - Stopped by Igor Shesterkin with a rebound.
15:37 of 1st period - Alex Chiasson is hit by Ryan Strome.
15:47 of 1st period - Shot by Alex Chiasson.
15:47 of 1st period - Stopped by Ryan Miller without a rebound.
15:48 of 1st period - Tyler Bozak wins face-off versus Danton Heinen in SASKATOON DUCKS zone.
15:50 of 1st period - Warren Foegele is hit by Dominik Simon.
15:53 of 1st period - Ryan McDonagh is hit by Tyler Myers and loses puck.
16:04 of 1st period - Shot by Tyler Bozak.
16:04 of 1st period - Stopped by Igor Shesterkin with a rebound.
16:48 of 1st period - Shot by William Nylander.
16:48 of 1st period - Stopped by Igor Shesterkin without a rebound.
16:49 of 1st period - Erik Haula wins face-off versus Dylan Strome in SAN FRANCISCO SPIDERS zone.
16:58 of 1st period - Minor Penalty to Erik Haula for Holding.
16:59 of 1st period - Sidney Crosby wins face-off versus Mike Hoffman in SAN FRANCISCO SPIDERS zone.
17:03 of 1st period - Ryan Strome is hit by Michael Stone and loses puck.
17:14 of 1st period - Shot by Ryan Strome.
17:14 of 1st period - Stopped by Igor Shesterkin without a rebound.
17:15 of 1st period - Dylan Strome wins face-off versus Mike Hoffman in SAN FRANCISCO SPIDERS zone.
17:22 of 1st period - Shot by Anthony Duclair.
17:22 of 1st period - Stopped by Igor Shesterkin with a rebound.
17:24 of 1st period - Shot by Samuel Girard.
17:24 of 1st period - Shot Misses the Net.
17:26 of 1st period - Shot by Ryan McDonagh.
17:26 of 1st period - Stopped by Igor Shesterkin with a rebound.
17:28 of 1st period - Shot by Samuel Girard.
17:28 of 1st period - Stopped by Igor Shesterkin without a rebound.
17:29 of 1st period - Sidney Crosby wins face-off versus Mike Hoffman in SAN FRANCISCO SPIDERS zone.
17:40 of 1st period - Shot by Ondrej Palat.
17:40 of 1st period - Shot Misses the Net.
18:22 of 1st period - Off-side.
18:23 of 1st period - Dylan Strome wins face-off versus Mike Hoffman in neutral zone.
19:07 of 1st period - Shot by Tyler Bozak.
19:07 of 1st period - Stopped by Igor Shesterkin without a rebound.
19:08 of 1st period - Erik Haula wins face-off versus Tyler Bozak in SAN FRANCISCO SPIDERS zone.
Goals for this period are 0 for SASKATOON DUCKS vs 0 for SAN FRANCISCO SPIDERS.
Shots for this period are 17 for SASKATOON DUCKS vs 3 for SAN FRANCISCO SPIDERS.

2nd period


0:01 of 2nd period - Calle Jarnkrok wins face-off versus Sidney Crosby in neutral zone.
0:08 of 2nd period - Shot by Calle Jarnkrok.
0:08 of 2nd period - Stopped by Ryan Miller without a rebound.
0:09 of 2nd period - Sidney Crosby wins face-off versus Erik Haula in SASKATOON DUCKS zone.
0:09 of 2nd period - Sidney Crosby is hit by Erik Haula.
0:27 of 2nd period - Shot by Jakub Vrana.
0:27 of 2nd period - Stopped by Igor Shesterkin without a rebound.
0:28 of 2nd period - Dylan Strome wins face-off versus Calle Jarnkrok in SAN FRANCISCO SPIDERS zone.
0:47 of 2nd period - Shot by Kailer Yamamoto.
0:47 of 2nd period - Shot Blocked by Karl Alzner.
0:55 of 2nd period - Shot by Kailer Yamamoto.
0:55 of 2nd period - Shot Misses the Net.
1:08 of 2nd period - Shot by Dylan Strome.
1:08 of 2nd period - Stopped by Igor Shesterkin without a rebound.
1:09 of 2nd period - Sidney Crosby wins face-off versus Erik Haula in SAN FRANCISCO SPIDERS zone.
2:32 of 2nd period - Shot by Ondrej Palat.
2:32 of 2nd period - Shot Misses the Net.
2:36 of 2nd period - Shot by Joe Thornton.
2:36 of 2nd period - Shot Blocked by Nate Schmidt.
2:53 of 2nd period - Off-side.
2:54 of 2nd period - Dylan Strome wins face-off versus Calle Jarnkrok in neutral zone.
3:16 of 2nd period - Milan Lucic is hit by Samuel Girard and loses puck.
3:33 of 2nd period - Shot by Ryan Strome.
3:33 of 2nd period - Shot Misses the Net.
4:01 of 2nd period - Warren Foegele is hit by Mike Hoffman and loses puck.
4:11 of 2nd period - Icing by Zdeno Chara.
4:12 of 2nd period - Tyler Bozak wins face-off versus Danton Heinen in SASKATOON DUCKS zone.
4:12 of 2nd period - Tyler Bozak is hit by Dominik Simon.
4:15 of 2nd period - Ryan McDonagh is hit by Dominik Kahun and loses puck.
5:05 of 2nd period - Icing by Ryan McDonagh.
5:06 of 2nd period - Tyler Bozak wins face-off versus Erik Haula in SASKATOON DUCKS zone.
5:55 of 2nd period - Icing by Jordan Oesterle.
5:56 of 2nd period - Dylan Strome wins face-off versus Erik Haula in SAN FRANCISCO SPIDERS zone.
6:07 of 2nd period - Shot by Kailer Yamamoto.
6:07 of 2nd period - Stopped by Igor Shesterkin without a rebound.
6:08 of 2nd period - Joe Thornton wins face-off versus Calle Jarnkrok in SAN FRANCISCO SPIDERS zone.
6:09 of 2nd period - Shot by Ondrej Palat.
6:09 of 2nd period - Shot Misses the Net.
6:20 of 2nd period - Off-side.
6:21 of 2nd period - Kirby Dach wins face-off versus Dylan Strome in neutral zone.
6:33 of 2nd period - Nate Schmidt is hit by Kailer Yamamoto and loses puck.
6:38 of 2nd period - Shot by Kailer Yamamoto.
6:38 of 2nd period - Shot Misses the Net.
6:47 of 2nd period - Icing by Tyler Myers.
6:48 of 2nd period - Sidney Crosby wins face-off versus Kirby Dach in SAN FRANCISCO SPIDERS zone.
6:49 of 2nd period - Shot by William Nylander.
6:49 of 2nd period - Stopped by Igor Shesterkin without a rebound.
6:50 of 2nd period - Sidney Crosby wins face-off versus Calle Jarnkrok in SAN FRANCISCO SPIDERS zone.
6:54 of 2nd period - Icing by Karl Alzner.
6:55 of 2nd period - Sidney Crosby wins face-off versus Calle Jarnkrok in SAN FRANCISCO SPIDERS zone.
6:55 of 2nd period - Sidney Crosby is hit by Jordan Schmaltz.
7:02 of 2nd period - Zdeno Chara is hit by Jordan Schmaltz.
7:12 of 2nd period - Calle Jarnkrok is hit by William Nylander and loses puck.
7:21 of 2nd period - Calle Jarnkrok is hit by Sidney Crosby and loses puck.
8:00 of 2nd period - Shot by Joe Thornton.
8:00 of 2nd period - Shot Blocked by Jordan Schmaltz.
8:06 of 2nd period - Shot by Ondrej Palat.
8:06 of 2nd period - Stopped by Igor Shesterkin without a rebound.
8:07 of 2nd period - Kirby Dach wins face-off versus Dylan Strome in SAN FRANCISCO SPIDERS zone.
8:24 of 2nd period - Shot by Alexander Kerfoot.
8:24 of 2nd period - Shot Misses the Net.
8:27 of 2nd period - Icing by Andrej Sekera.
8:28 of 2nd period - Erik Haula wins face-off versus Dylan Strome in SASKATOON DUCKS zone.
8:29 of 2nd period - Shot by Mike Hoffman.
8:29 of 2nd period - Stopped by Ryan Miller without a rebound.
8:30 of 2nd period - Erik Haula wins face-off versus Joe Thornton in SASKATOON DUCKS zone.
9:04 of 2nd period - Shot by Mike Hoffman.
9:04 of 2nd period - Stopped by Ryan Miller without a rebound.
9:05 of 2nd period - Sidney Crosby wins face-off versus Kirby Dach in SASKATOON DUCKS zone.
9:24 of 2nd period - Shot by Sidney Crosby.
9:24 of 2nd period - Shot Misses the Net.
10:38 of 2nd period - Icing by Dylan Strome.
10:39 of 2nd period - Calle Jarnkrok wins face-off versus Dylan Strome in SASKATOON DUCKS zone.
10:45 of 2nd period - Kailer Yamamoto is hit by Milan Lucic and loses puck.
11:04 of 2nd period - Shot by Andrei Svechnikov.
11:04 of 2nd period - Stopped by Ryan Miller without a rebound.
11:05 of 2nd period - Sidney Crosby wins face-off versus Erik Haula in SASKATOON DUCKS zone.
11:15 of 2nd period - Shot by Sidney Crosby.
11:15 of 2nd period - Stopped by Igor Shesterkin without a rebound.
11:16 of 2nd period - Joe Thornton wins face-off versus Danton Heinen in SAN FRANCISCO SPIDERS zone.
11:23 of 2nd period - Shot by Anthony Duclair.
11:23 of 2nd period - Shot Blocked by Tyler Myers.
11:25 of 2nd period - Shot by Ian Cole.
11:25 of 2nd period - Shot Misses the Net.
11:43 of 2nd period - Minor Penalty to Nate Schmidt for Roughing.
11:44 of 2nd period - Sidney Crosby wins face-off versus Mike Hoffman in SAN FRANCISCO SPIDERS zone.
12:20 of 2nd period - Shot by Ryan McDonagh.
12:20 of 2nd period - Stopped by Igor Shesterkin without a rebound.
12:21 of 2nd period - Dylan Strome wins face-off versus Mike Hoffman in SAN FRANCISCO SPIDERS zone.
12:28 of 2nd period - Shot by Dylan Strome.
12:28 of 2nd period - Shot Blocked by Michael Stone.
12:30 of 2nd period - Shot by Ondrej Palat.
12:30 of 2nd period - Stopped by Igor Shesterkin without a rebound.
12:31 of 2nd period - Mike Hoffman wins face-off versus Dylan Strome in SAN FRANCISCO SPIDERS zone.
13:28 of 2nd period - Icing by Ryan Strome.
13:29 of 2nd period - Sidney Crosby wins face-off versus Mike Hoffman in SASKATOON DUCKS zone.
13:40 of 2nd period - Shot by Ryan Strome.
13:40 of 2nd period - Shot Misses the Net.
13:42 of 2nd period - Shot by Samuel Girard.
13:42 of 2nd period - Stopped by Igor Shesterkin with a rebound.
13:44 of 2nd period - Shot by Tyler Bozak.
13:44 of 2nd period - Shot Misses the Net.
13:46 of 2nd period - Shot by Warren Foegele.
13:46 of 2nd period - Stopped by Igor Shesterkin without a rebound.
13:47 of 2nd period - Danton Heinen wins face-off versus Tyler Bozak in SAN FRANCISCO SPIDERS zone.
13:49 of 2nd period - Icing by Dominik Kahun.
13:50 of 2nd period - Danton Heinen wins face-off versus Tyler Bozak in SAN FRANCISCO SPIDERS zone.
13:57 of 2nd period - Shot by Danton Heinen.
13:57 of 2nd period - Stopped by Ryan Miller without a rebound.
13:58 of 2nd period - Erik Haula wins face-off versus Sidney Crosby in SASKATOON DUCKS zone.
14:04 of 2nd period - Icing by Zdeno Chara.
14:05 of 2nd period - Sidney Crosby wins face-off versus Calle Jarnkrok in SASKATOON DUCKS zone.
14:05 of 2nd period - Sidney Crosby is hit by Milan Lucic.
14:22 of 2nd period - Sidney Crosby is hit by Tyler Myers.
14:37 of 2nd period - Shot by Andrei Svechnikov.
14:37 of 2nd period - Stopped by Ryan Miller without a rebound.
14:38 of 2nd period - Kailer Yamamoto wins face-off versus Alex Chiasson in SASKATOON DUCKS zone.
14:45 of 2nd period - Shot by Ryan Strome.
14:45 of 2nd period - Shot Misses the Net.
14:52 of 2nd period - Erik Haula is hit by Ryan Strome and loses puck.
15:08 of 2nd period - Icing by Ian Cole.
15:09 of 2nd period - Dylan Strome wins face-off versus Danton Heinen in SASKATOON DUCKS zone.
15:14 of 2nd period - Dominik Simon is hit by Kailer Yamamoto and loses puck.
15:26 of 2nd period - Icing by Ian Cole.
15:27 of 2nd period - Kailer Yamamoto wins face-off versus Calle Jarnkrok in SASKATOON DUCKS zone.
16:09 of 2nd period - Shot by Calle Jarnkrok.
16:09 of 2nd period - Stopped by Ryan Miller with a rebound.
16:25 of 2nd period - Shot by William Nylander.
16:25 of 2nd period - Stopped by Igor Shesterkin without a rebound.
16:26 of 2nd period - Joe Thornton wins face-off versus Dominik Kahun in SAN FRANCISCO SPIDERS zone.
16:56 of 2nd period - Shot by Joe Thornton.
16:56 of 2nd period - Stopped by Igor Shesterkin without a rebound.
16:57 of 2nd period - Sidney Crosby wins face-off versus Erik Haula in SAN FRANCISCO SPIDERS zone.
18:04 of 2nd period - Nate Schmidt is hit by Joe Thornton and loses puck.
18:33 of 2nd period - Shot by Nate Schmidt.
18:33 of 2nd period - Stopped by Ryan Miller without a rebound.
18:34 of 2nd period - Dylan Strome wins face-off versus Alexander Kerfoot in SASKATOON DUCKS zone.
18:59 of 2nd period - Shot by Kailer Yamamoto.
18:59 of 2nd period - Stopped by Igor Shesterkin without a rebound.
19:00 of 2nd period - Sidney Crosby wins face-off versus Danton Heinen in SAN FRANCISCO SPIDERS zone.
19:00 of 2nd period - William Nylander is hit by Michael Stone and loses puck.
19:06 of 2nd period - Icing by Michael Stone.
19:07 of 2nd period - Sidney Crosby wins face-off versus Danton Heinen in SAN FRANCISCO SPIDERS zone.
19:10 of 2nd period - Shot by William Nylander.
19:10 of 2nd period - Shot Misses the Net.
19:18 of 2nd period - Shot by Sidney Crosby.
19:18 of 2nd period - Stopped by Igor Shesterkin without a rebound.
19:19 of 2nd period - Dylan Strome wins face-off versus Erik Haula in SAN FRANCISCO SPIDERS zone.
19:36 of 2nd period - Shot by Ryan Strome.
19:36 of 2nd period - Stopped by Igor Shesterkin without a rebound.
19:37 of 2nd period - Sidney Crosby wins face-off versus Calle Jarnkrok in SAN FRANCISCO SPIDERS zone.
19:37 of 2nd period - William Nylander is hit by Michael Stone and loses puck.
Goals for this period are 0 for SASKATOON DUCKS vs 0 for SAN FRANCISCO SPIDERS.
Shots for this period are 15 for SASKATOON DUCKS vs 8 for SAN FRANCISCO SPIDERS.

3rd period


0:01 of 3rd period - Erik Haula wins face-off versus Sidney Crosby in neutral zone.
0:07 of 3rd period - Mike Hoffman is hit by Ryan McDonagh and loses puck.
0:11 of 3rd period - Icing by Ryan McDonagh.
0:12 of 3rd period - Sidney Crosby wins face-off versus Calle Jarnkrok in SASKATOON DUCKS zone.
0:22 of 3rd period - Sidney Crosby is hit by Jordan Oesterle and loses puck.
0:26 of 3rd period - Icing by Milan Lucic.
0:27 of 3rd period - Ryan Strome wins face-off versus Calle Jarnkrok in SAN FRANCISCO SPIDERS zone.
1:31 of 3rd period - Ryan McDonagh is hit by Andrei Svechnikov and loses puck.
1:44 of 3rd period - Shot by Mike Hoffman.
1:44 of 3rd period - Shot Blocked by Ryan McDonagh.
1:47 of 3rd period - Icing by Ryan McDonagh.
1:48 of 3rd period - Jakub Vrana wins face-off versus Kirby Dach in SASKATOON DUCKS zone.
1:57 of 3rd period - Shot by William Nylander.
1:57 of 3rd period - Deflect By Sidney Crosby.
1:57 of 3rd period - Shot Misses the Net.
2:09 of 3rd period - Shot by Sidney Crosby.
2:09 of 3rd period - Shot Blocked by Tyler Myers.
2:30 of 3rd period - Shot by Anthony Duclair.
2:30 of 3rd period - Stopped by Igor Shesterkin without a rebound.
2:31 of 3rd period - Erik Haula wins face-off versus Dylan Strome in SAN FRANCISCO SPIDERS zone.
2:36 of 3rd period - Shot by Mike Hoffman.
2:36 of 3rd period - Shot Misses the Net.
2:40 of 3rd period - Shot by Mike Hoffman.
2:40 of 3rd period - Shot Misses the Net.
3:45 of 3rd period - Shot by Ondrej Palat.
3:45 of 3rd period - Stopped by Igor Shesterkin without a rebound.
3:46 of 3rd period - Sidney Crosby wins face-off versus Kirby Dach in SAN FRANCISCO SPIDERS zone.
4:09 of 3rd period - Shot by Alexander Kerfoot.
4:09 of 3rd period - Stopped by Ryan Miller without a rebound.
4:10 of 3rd period - Calle Jarnkrok wins face-off versus Joe Thornton in SASKATOON DUCKS zone.
4:29 of 3rd period - Shot by Tyler Myers.
4:29 of 3rd period - Deflect By Calle Jarnkrok.
4:29 of 3rd period - Stopped by Ryan Miller without a rebound.
4:30 of 3rd period - Sidney Crosby wins face-off versus Mike Hoffman in SASKATOON DUCKS zone.
5:02 of 3rd period - Icing by Alex Chiasson.
5:03 of 3rd period - Mike Hoffman wins face-off versus Joe Thornton in SAN FRANCISCO SPIDERS zone.
5:41 of 3rd period - Icing by Ian Cole.
5:42 of 3rd period - Ondrej Palat wins face-off versus Calle Jarnkrok in SASKATOON DUCKS zone.
6:11 of 3rd period - Icing by Ian Cole.
6:12 of 3rd period - Joe Thornton wins face-off versus Danton Heinen in SASKATOON DUCKS zone.
6:36 of 3rd period - Icing by Tyler Myers.
6:37 of 3rd period - Sidney Crosby wins face-off versus Danton Heinen in SAN FRANCISCO SPIDERS zone.
7:16 of 3rd period - Zdeno Chara is hit by Dominik Simon.
7:36 of 3rd period - Shot by Kailer Yamamoto.
7:36 of 3rd period - Stopped by Igor Shesterkin with a rebound.
7:51 of 3rd period - Off-side.
7:52 of 3rd period - Mike Hoffman wins face-off versus Blake Comeau in neutral zone.
8:47 of 3rd period - Warren Foegele is hit by Michael Stone and loses puck.
9:06 of 3rd period - Shot by Andrei Svechnikov.
9:06 of 3rd period - Goal by Andrei Svechnikov - SASKATOON DUCKS : 0 - SAN FRANCISCO SPIDERS : 1.
9:07 of 3rd period - Kirby Dach wins face-off versus Sidney Crosby in neutral zone.
9:07 of 3rd period - Alexander Kerfoot is hit by Sidney Crosby and loses puck.
9:37 of 3rd period - Shot by Alexander Kerfoot.
9:37 of 3rd period - Stopped by Ryan Miller without a rebound.
9:38 of 3rd period - Calle Jarnkrok wins face-off versus Dylan Strome in SASKATOON DUCKS zone.
10:07 of 3rd period - Shot by Ryan Strome.
10:07 of 3rd period - Shot Blocked by Nate Schmidt.
10:10 of 3rd period - Icing by Nate Schmidt.
10:11 of 3rd period - Sidney Crosby wins face-off versus Calle Jarnkrok in SAN FRANCISCO SPIDERS zone.
10:22 of 3rd period - Shot by William Nylander.
10:22 of 3rd period - Stopped by Igor Shesterkin without a rebound.
10:23 of 3rd period - Erik Haula wins face-off versus Ondrej Palat in SAN FRANCISCO SPIDERS zone.
10:34 of 3rd period - Shot by Mike Hoffman.
10:34 of 3rd period - Stopped by Ryan Miller without a rebound.
10:35 of 3rd period - Kirby Dach wins face-off versus Sidney Crosby in SASKATOON DUCKS zone.
11:02 of 3rd period - Shot by William Nylander.
11:02 of 3rd period - Stopped by Igor Shesterkin without a rebound.
11:03 of 3rd period - Dylan Strome wins face-off versus Erik Haula in SAN FRANCISCO SPIDERS zone.
11:13 of 3rd period - Ryan Strome is hit by Karl Alzner and loses puck.
11:26 of 3rd period - Shot by Dylan Strome.
11:26 of 3rd period - Shot Misses the Net.
11:31 of 3rd period - Minor Penalty to Kailer Yamamoto for Holding.
11:32 of 3rd period - Danton Heinen wins face-off versus Tyler Bozak in SASKATOON DUCKS zone.
12:24 of 3rd period - Shot by Anthony Duclair.
12:24 of 3rd period - Shot Misses the Net.
12:26 of 3rd period - Shot by Anthony Duclair.
12:26 of 3rd period - Deflect By Joe Thornton.
12:26 of 3rd period - Shot Misses the Net.
12:38 of 3rd period - Shot by Mike Hoffman.
12:38 of 3rd period - Shot Blocked by Andrej Sekera.
13:15 of 3rd period - Icing by Erik Haula.
13:16 of 3rd period - Erik Haula wins face-off versus Tyler Bozak in SAN FRANCISCO SPIDERS zone.
13:32 of 3rd period - Icing by Danton Heinen.
13:33 of 3rd period - Kirby Dach wins face-off versus Sidney Crosby in SAN FRANCISCO SPIDERS zone.
13:33 of 3rd period - Kirby Dach is hit by Jakub Vrana.
13:34 of 3rd period - Minor Penalty to Sidney Crosby for Cross-checking.
13:35 of 3rd period - Joe Thornton wins face-off versus Danton Heinen in SASKATOON DUCKS zone.
13:50 of 3rd period - Shot by Andrei Svechnikov.
13:50 of 3rd period - Shot Misses the Net.
13:52 of 3rd period - Shot by Michael Stone.
13:52 of 3rd period - Stopped by Ryan Miller without a rebound.
13:53 of 3rd period - Andrei Svechnikov wins face-off versus Tyler Bozak in SASKATOON DUCKS zone.
14:12 of 3rd period - Shot by Danton Heinen.
14:12 of 3rd period - Stopped by Ryan Miller without a rebound.
14:13 of 3rd period - Alex Chiasson wins face-off versus Blake Comeau in SASKATOON DUCKS zone.
15:31 of 3rd period - Shot by Andrei Svechnikov.
15:31 of 3rd period - Shot Misses the Net.
15:33 of 3rd period - Shot by Michael Stone.
15:33 of 3rd period - Stopped by Ryan Miller without a rebound.
15:34 of 3rd period - Kirby Dach wins face-off versus Ryan Strome in SASKATOON DUCKS zone.
15:59 of 3rd period - Icing by Zdeno Chara.
16:00 of 3rd period - Kailer Yamamoto wins face-off versus Danton Heinen in SASKATOON DUCKS zone.
16:19 of 3rd period - Shot by Kailer Yamamoto.
16:19 of 3rd period - Shot Blocked by Danton Heinen.
16:24 of 3rd period - Dominik Kahun is hit by Zdeno Chara and loses puck.
16:33 of 3rd period - Shot by Danton Heinen.
16:33 of 3rd period - Shot Blocked by Ryan McDonagh.
16:35 of 3rd period - Shot by Dominik Simon.
16:35 of 3rd period - Goal by Dominik Simon - SASKATOON DUCKS : 0 - SAN FRANCISCO SPIDERS : 2.
16:36 of 3rd period - Erik Haula wins face-off versus Sidney Crosby in neutral zone.
16:43 of 3rd period - Shot by Mike Hoffman.
16:43 of 3rd period - Stopped by Ryan Miller without a rebound.
16:44 of 3rd period - Sidney Crosby wins face-off versus Erik Haula in SASKATOON DUCKS zone.
16:44 of 3rd period - Sidney Crosby is hit by Mike Hoffman.
16:47 of 3rd period - Icing by William Nylander.
16:48 of 3rd period - Erik Haula wins face-off versus Sidney Crosby in SASKATOON DUCKS zone.
17:00 of 3rd period - Icing by Ian Cole.
17:01 of 3rd period - Sidney Crosby wins face-off versus Andrei Svechnikov in SASKATOON DUCKS zone.
17:09 of 3rd period - Icing by Jakub Vrana.
17:10 of 3rd period - Erik Haula wins face-off versus Sidney Crosby in SASKATOON DUCKS zone.
17:29 of 3rd period - Shot by Sidney Crosby.
17:29 of 3rd period - Stopped by Igor Shesterkin without a rebound.
17:29 of 3rd period - Minor Penalty to Jordan Oesterle for Close Hand On Puck.
17:30 of 3rd period - Mike Hoffman wins face-off versus Dylan Strome in SAN FRANCISCO SPIDERS zone.
17:36 of 3rd period - Icing by Ryan McDonagh.
17:37 of 3rd period - Dylan Strome wins face-off versus Mike Hoffman in SASKATOON DUCKS zone.
17:42 of 3rd period - Shot by Ryan McDonagh.
17:42 of 3rd period - Shot Blocked by Nate Schmidt.
17:44 of 3rd period - Shot by Ryan McDonagh.
17:44 of 3rd period - Shot Blocked by Nate Schmidt.
18:00 of 3rd period - Shot by Dylan Strome.
18:00 of 3rd period - Deflect By Anthony Duclair.
18:00 of 3rd period - Shot Misses the Net.
18:02 of 3rd period - Shot by Dylan Strome.
18:02 of 3rd period - Stopped by Igor Shesterkin without a rebound.
18:03 of 3rd period - Sidney Crosby wins face-off versus Milan Lucic in SAN FRANCISCO SPIDERS zone.
18:16 of 3rd period - Shot by Ryan Strome.
18:16 of 3rd period - Goal by Ryan Strome - SASKATOON DUCKS : 1 - SAN FRANCISCO SPIDERS : 2.
18:17 of 3rd period - Dylan Strome wins face-off versus Kirby Dach in neutral zone.
18:39 of 3rd period - Nate Schmidt is hit by Kailer Yamamoto and loses puck.
19:25 of 3rd period - SASKATOON DUCKS, Ryan Miller is pulled from the net.
19:29 of 3rd period - Shot by Sidney Crosby.
19:29 of 3rd period - Stopped by Igor Shesterkin without a rebound.
19:30 of 3rd period - Sidney Crosby wins face-off versus Erik Haula in SAN FRANCISCO SPIDERS zone.
19:46 of 3rd period - Icing by Sidney Crosby.
19:47 of 3rd period - Ryan Miller from SASKATOON DUCKS was sent back in the game.
19:47 of 3rd period - Erik Haula wins face-off versus Sidney Crosby in SASKATOON DUCKS zone.
Goals for this period are 1 for SASKATOON DUCKS vs 2 for SAN FRANCISCO SPIDERS.
Shots for this period are 9 for SASKATOON DUCKS vs 10 for SAN FRANCISCO SPIDERS.


SEBASTIAN
AHO
MARK
SCHEIFELE
JAKE
OETTINGER

EAST COAST

HOCKEY LEAGUE

  • 17.QUE3CHI2
  • 18.CHA2LIM4
  • 19.TRV3LON2
  • 20.CHW1BAL2
  • 21.PITMAN
  • 22.ATLNHW
  • 23.WORPET
  • 24.RHI